| TOP OF THE 1ST |
|
Kingsport Mets batting - Pitching for Helena Brewers : RHP Dillon Atkinson
|
|
Pitching: RHP Dillon Atkinson
|
|
|
Batting: LHB Dan Bremseth
|
0-0: Foul Ball, location: 2F 0-1: Foul Ball, location: 2F 0-2: Ball 1-2: Ball 2-2: Strikes out looking
|
|
Batting: RHB Andy Carrell
|
0-0: Fly out, F3 (Popup, 3F, EV 73.8 MPH)
|
|
Batting: LHB Miguel Ramos
|
0-0: Ball 1-0: Foul Ball, location: 2F 1-1: Foul Ball, location: 2F 1-2: Strikes out looking
|
| Top of the 1st over - 0 runs, 0 hits, 0 errors, 0 left on base; Kingsport 0 - Helena 0 |
| BOTTOM OF THE 1ST |
|
Helena Brewers batting - Pitching for Kingsport Mets : RHP Raymundo Pato
|
|
Pitching: RHP Raymundo Pato
|
|
|
Batting: RHB Jose Cerritos
|
0-0: Ball 1-0: SOLO HOME RUN (Flyball, 9D, EV 95.0 MPH), Distance : 360 ft
|
|
Batting: LHB John Fortin
|
0-0: Ball 1-0: Ball 2-0: Ball 3-0: Called Strike 3-1: Foul Ball, location: 2F 3-2: Base on Balls
|
|
Batting: SHB Orlando Torres
|
0-0: Ball 1-0: Foul Ball, location: 2F 1-1: Ball Wild Pitch! John Fortin to second 2-1: Ball Passed Ball! John Fortin to third 3-1: Base on Balls
|
|
Batting: LHB Karel Hort
|
0-0: Ball Passed Ball! John Fortin scores Orlando Torres to second 1-0: Swinging Strike Passed Ball! Orlando Torres to third 1-1: Foul Ball, location: 2F 1-2: Foul Ball, location: 2RF, Error on foul ball, E2 1-2: Fly out, F7 (Flyball, 7LMF, EV 96.9 MPH) Runner from 3rd tags up, SCORES, no throw by LF
|
|
Batting: LHB Mark Backstrom
|
0-0: Called Strike 0-1: Ground out 4-3 (Groundball, 13, EV 85.0 MPH)
|
|
Batting: LHB Greg Reedy
|
0-0: Ball 1-0: Foul Ball, location: 2F 1-1: Foul Ball, location: 2F 1-2: Strikes out swinging
|
| Bottom of the 1st over - 3 runs, 1 hit, 1 error, 0 left on base; Kingsport 0 - Helena 3 |
| TOP OF THE 2ND |
|
Kingsport Mets batting - Pitching for Helena Brewers : RHP Dillon Atkinson
|
|
Batting: RHB Coltin Nellis
|
0-0: Ball 1-0: Swinging Strike 1-1: SINGLE (Groundball, 6MD, EV 104.4 MPH)
|
|
Batting: SHB Nick Daigle
|
0-0: Ball Passed Ball! Coltin Nellis to second 1-0: Swinging Strike Passed Ball! Coltin Nellis to third 1-1: Ball 2-1: Foul Ball, location: 2F 2-2: Foul Ball, location: 2F 2-2: Foul Ball, location: 2F 2-2: Ground out U3 (Groundball, 3L, EV 85.0 MPH)
|
|
Batting: RHB Danny Runberg
|
0-0: Foul Ball, location: 2F 0-1: Ball 1-1: Swinging Strike 1-2: Strikes out swinging
|
|
Batting: LHB Jason Jones
|
0-0: Swinging Strike 0-1: Ground out 6-3 (Groundball, 6, EV 98.1 MPH)
|
| Top of the 2nd over - 0 runs, 1 hit, 0 errors, 1 left on base; Kingsport 0 - Helena 3 |
| BOTTOM OF THE 2ND |
|
Helena Brewers batting - Pitching for Kingsport Mets : RHP Raymundo Pato
|
|
Batting: RHB Alfredo Sena
|
0-0: Called Strike 0-1: Swinging Strike 0-2: Strikes out swinging
|
|
Batting: RHB Manny Olave
|
0-0: Ball 1-0: Ground out 5-3 (Groundball, 56, EV 85.6 MPH)
|
|
Batting: RHB Justin Marino
|
0-0: Called Strike 0-1: Foul Ball, location: 2F 0-2: Ball 1-2: Ball 2-2: Strikes out looking
|
| Bottom of the 2nd over - 0 runs, 0 hits, 0 errors, 0 left on base; Kingsport 0 - Helena 3 |
| TOP OF THE 3RD |
|
Kingsport Mets batting - Pitching for Helena Brewers : RHP Dillon Atkinson
|
|
Batting: RHB Chris Graham
|
0-0: Ball 1-0: Ball 2-0: Ball 3-0: Called Strike 3-1: Foul Ball, location: 2F 3-2: Foul Ball, location: 2F 3-2: Base on Balls
|
|
Batting: RHB Roberto Delgado
|
0-0: Grounds into double play, 6-4-3 (Groundball, 6, EV 84.4 MPH)
|
|
Batting: LHB Dan Bremseth
|
0-0: Called Strike 0-1: Ball 1-1: Ball 2-1: Ball 3-1: Base on Balls
|
|
Batting: RHB Andy Carrell
|
0-0: Ball 1-0: Ball 2-0: Called Strike 2-1: SINGLE (Groundball, 56D, EV 109.4 MPH) Dan Bremseth to second
|
|
Batting: LHB Miguel Ramos
|
0-0: Ball 1-0: Ball 2-0: Called Strike 2-1: Swinging Strike 2-2: Strikes out swinging
|
| Top of the 3rd over - 0 runs, 1 hit, 0 errors, 2 left on base; Kingsport 0 - Helena 3 |
| BOTTOM OF THE 3RD |
|
Helena Brewers batting - Pitching for Kingsport Mets : RHP Raymundo Pato
|
|
Batting: RHB Jose Cerritos
|
0-0: Ball 1-0: DOUBLE (Line Drive, 8RXD, EV 102.5 MPH)
|
|
Batting: LHB John Fortin
|
0-0: Foul Ball, location: 2F 0-1: Swinging Strike 0-2: Ball 1-2: Strikes out swinging
|
|
Batting: SHB Orlando Torres
|
0-0: Called Strike 0-1: Ball 1-1: Ball 2-1: Foul Ball, location: 2F 2-2: Ball 3-2: Strikes out swinging
|
|
Batting: LHB Karel Hort
|
0-0: Ball 1-0: Ground out U3 (Groundball, 3, EV 78.1 MPH)
|
| Bottom of the 3rd over - 0 runs, 1 hit, 0 errors, 1 left on base; Kingsport 0 - Helena 3 |
| TOP OF THE 4TH |
|
Kingsport Mets batting - Pitching for Helena Brewers : RHP Dillon Atkinson
|
|
Batting: RHB Coltin Nellis
|
0-0: Ball 1-0: Ball 2-0: Ground out 4-3 (Groundball, 4, EV 109.4 MPH)
|
|
Batting: SHB Nick Daigle
|
0-0: Swinging Strike 0-1: Ball 1-1: Swinging Strike 1-2: Ground out 6-3 (Groundball, 6, EV 78.8 MPH)
|
|
Batting: RHB Danny Runberg
|
0-0: Called Strike 0-1: Ball 1-1: Swinging Strike 1-2: Strikes out swinging
|
| Top of the 4th over - 0 runs, 0 hits, 0 errors, 0 left on base; Kingsport 0 - Helena 3 |
| BOTTOM OF THE 4TH |
|
Helena Brewers batting - Pitching for Kingsport Mets : RHP Raymundo Pato
|
|
Batting: LHB Mark Backstrom
|
0-0: Called Strike 0-1: Called Strike 0-2: Ball 1-2: Ground out 3-1 (Groundball, 34S, EV 84.4 MPH)
|
|
Batting: LHB Greg Reedy
|
0-0: Called Strike 0-1: Swinging Strike 0-2: Strikes out looking
|
|
Batting: RHB Alfredo Sena
|
0-0: Ball 1-0: Ground out 1-3 (Groundball, 15, EV 70.0 MPH)
|
| Bottom of the 4th over - 0 runs, 0 hits, 0 errors, 0 left on base; Kingsport 0 - Helena 3 |
| TOP OF THE 5TH |
|
Kingsport Mets batting - Pitching for Helena Brewers : RHP Dillon Atkinson
|
|
Batting: LHB Jason Jones
|
0-0: Called Strike 0-1: Ball 1-1: Fly out, F7 (Flyball, 7, EV 91.2 MPH)
|
|
Batting: RHB Chris Graham
|
0-0: Ball 1-0: Ball 2-0: Called Strike 2-1: Fly out, F8 (Flyball, 8LD, EV 107.5 MPH)
|
|
Batting: RHB Roberto Delgado
|
0-0: Swinging Strike 0-1: Ball 1-1: Called Strike 1-2: Strikes out looking
|
| Top of the 5th over - 0 runs, 0 hits, 0 errors, 0 left on base; Kingsport 0 - Helena 3 |
| BOTTOM OF THE 5TH |
|
Helena Brewers batting - Pitching for Kingsport Mets : RHP Raymundo Pato
|
|
Batting: RHB Manny Olave
|
0-0: Called Strike 0-1: Ground out 6-3 (Groundball, 6, EV 80.6 MPH)
|
|
Batting: RHB Justin Marino
|
0-0: Foul Ball, location: 2F 0-1: Ball 1-1: Ball 2-1: Swinging Strike 2-2: Strikes out swinging
|
|
Batting: RHB Jose Cerritos
|
0-0: Swinging Strike 0-1: DOUBLE (Line Drive, 78M, EV 100.0 MPH)
|
|
Batting: LHB John Fortin
|
0-0: Foul Ball, location: 2F 0-1: 2-RUN HOME RUN (Flyball, 89XD, EV 115.6 MPH), Distance : 428 ft
|
|
Batting: SHB Orlando Torres
|
0-0: Ball 1-0: Called Strike 1-1: Fly out, F2 (Popup, 2R, EV 95.6 MPH)
|
| Bottom of the 5th over - 2 runs, 2 hits, 0 errors, 0 left on base; Kingsport 0 - Helena 5 |
| TOP OF THE 6TH |
|
Kingsport Mets batting - Pitching for Helena Brewers : RHP Dillon Atkinson
|
|
Batting: LHB Dan Bremseth
|
0-0: Foul Ball, location: 2F 0-1: Foul Ball, location: 2F 0-2: Ball 1-2: Ball 2-2: Ball 3-2: Strikes out looking
|
|
Batting: RHB Andy Carrell
|
0-0: Called Strike 0-1: Fly out, F3 (Line Drive, 3, EV 63.1 MPH)
|
|
Batting: LHB Miguel Ramos
|
0-0: Ball 1-0: Foul Ball, location: 2F 1-1: Foul Ball, location: 2F 1-2: Ball 2-2: Strikes out swinging
|
| Top of the 6th over - 0 runs, 0 hits, 0 errors, 0 left on base; Kingsport 0 - Helena 5 |
| BOTTOM OF THE 6TH |
|
Helena Brewers batting - Pitching for Kingsport Mets : RHP Raymundo Pato
|
|
Batting: LHB Karel Hort
|
0-0: Ball 1-0: Called Strike 1-1: Called Strike 1-2: Fly out, F6 (Popup, 15, EV 78.1 MPH)
|
|
Batting: LHB Mark Backstrom
|
0-0: Called Strike 0-1: Ball 1-1: SINGLE (Line Drive, 56D, EV 95.6 MPH)
|
|
Batting: LHB Greg Reedy
|
0-0: Ball 1-0: Ball Passed Ball! Mark Backstrom to second 2-0: Swinging Strike 2-1: Foul Ball, location: 2F 2-2: Ball 3-2: Foul Ball, location: 2F 3-2: Foul Ball, location: 2F 3-2: Strikes out swinging
|
|
Batting: RHB Alfredo Sena
|
0-0: Ball Passed Ball! Mark Backstrom to third 1-0: Ball 2-0: Ball Passed Ball! Mark Backstrom scores 3-0: Foul Ball, location: 2F 3-1: Base on Balls
|
|
Batting: RHB Manny Olave
|
0-0: Foul Ball, location: 2F 0-1: Called Strike 0-2: Hit by Pitch Alfredo Sena to second
|
|
Batting: RHB Justin Marino
|
0-0: 3-RUN HOME RUN (Flyball, 7D, EV 99.4 MPH), Distance : 389 ft
|
|
Pitching: RHP Jose Herrera
|
|
|
Batting: RHB Jose Cerritos
|
0-0: Ball 1-0: Swinging Strike 1-1: Foul Ball, location: 2F 1-2: Strikes out looking
|
| Bottom of the 6th over - 4 runs, 2 hits, 0 errors, 0 left on base; Kingsport 0 - Helena 9 |
| TOP OF THE 7TH |
|
Kingsport Mets batting - Pitching for Helena Brewers : RHP Dillon Atkinson
|
|
Batting: RHB Coltin Nellis
|
0-0: Ball 1-0: SOLO HOME RUN (Flyball, 7LD, EV 96.2 MPH), Distance : 349 ft
|
|
Batting: SHB Nick Daigle
|
0-0: Swinging Strike 0-1: Called Strike 0-2: Fly out, F8 (Flyball, 89M, EV 83.8 MPH)
|
|
Batting: RHB Danny Runberg
|
0-0: Swinging Strike 0-1: Foul Ball, location: 2F 0-2: Ball 1-2: Foul Ball, location: 2F 1-2: Ball 2-2: Foul Ball, location: 2F 2-2: Foul Ball, location: 2F 2-2: Strikes out swinging, 2-3 out at first.
|
|
Batting: LHB Jason Jones
|
0-0: Ball 1-0: Swinging Strike 1-1: Ball 2-1: Ball 3-1: Foul Ball, location: 2F 3-2: Fly out, F5 (Popup, 56, EV 78.8 MPH)
|
| Top of the 7th over - 1 run, 1 hit, 0 errors, 0 left on base; Kingsport 1 - Helena 9 |
| BOTTOM OF THE 7TH |
|
Helena Brewers batting - Pitching for Kingsport Mets : RHP Jose Herrera
|
|
Batting: LHB John Fortin
|
0-0: Called Strike 0-1: Foul Ball, location: 2F 0-2: Ball 1-2: Ground out U3 (Groundball, 34S, EV 87.5 MPH)
|
|
Batting: SHB Orlando Torres
|
0-0: Ball 1-0: Called Strike 1-1: Ball 2-1: Swinging Strike 2-2: Ball 3-2: Strikes out swinging
|
|
Batting: LHB Karel Hort
|
0-0: DOUBLE (Line Drive, 78D, EV 105.6 MPH)
|
|
Batting: LHB Mark Backstrom
|
0-0: Swinging Strike 0-1: Ball 1-1: Ball 2-1: Called Strike 2-2: Ball Passed Ball! Karel Hort to third 3-2: Foul Ball, location: 2F 3-2: Foul Ball, location: 2F 3-2: Foul Ball, location: 2F 3-2: Base on Balls
|
|
Batting: LHB Greg Reedy
|
0-0: Ball 1-0: Foul Ball, location: 2F 1-1: Swinging Strike 1-2: Ball Passed Ball! Karel Hort scores Mark Backstrom to second 2-2: Foul Ball, location: 2F 2-2: Ball Passed Ball! Mark Backstrom to third 3-2: SINGLE (Line Drive, 34, EV 96.9 MPH) Mark Backstrom scores
|
|
Pitching: RHP Pat Sprague
|
|
|
Batting: RHB Alfredo Sena
|
0-0: Ball 1-0: SINGLE (Groundball, 56D, EV 103.8 MPH) Greg Reedy to second
|
|
Batting: RHB Manny Olave
|
0-0: Ball 1-0: Ball 2-0: Ball Passed Ball! Greg Reedy to third Alfredo Sena to second 3-0: Base on Balls
|
|
Batting: RHB Justin Marino
|
0-0: Ball 1-0: Called Strike 1-1: Ball 2-1: Foul Ball, location: 2F 2-2: Ball 3-2: Base on Balls Greg Reedy scores Alfredo Sena to third Manny Olave to second
|
|
Batting: RHB Jose Cerritos
|
0-0: Called Strike 0-1: Ball Passed Ball! Alfredo Sena scores Manny Olave to third Justin Marino to second 1-1: Ball 2-1: Ball 3-1: Base on Balls
|
|
Batting: LHB John Fortin
|
0-0: Ball 1-0: Called Strike 1-1: Ball 2-1: Foul Ball, location: 2F 2-2: Ball Passed Ball! Manny Olave scores Justin Marino to third Jose Cerritos to second 3-2: Base on Balls
|
|
Pitching: RHP Warren Carmichael
|
|
|
Batting: SHB Orlando Torres
|
0-0: Ball Wild Pitch! Justin Marino scores Jose Cerritos to third John Fortin to second 1-0: Ball 2-0: Fly out, F8 (Flyball, 8LXD, EV 95.0 MPH)
|
| Bottom of the 7th over - 6 runs, 3 hits, 0 errors, 2 left on base; Kingsport 1 - Helena 15 |
| TOP OF THE 8TH |
|
Kingsport Mets batting - Pitching for Helena Brewers : RHP Dillon Atkinson
|
|
Pitching: RHP Omar Morales
|
|
|
Batting: RHB Chris Graham
|
0-0: Ball 1-0: Ball 2-0: Called Strike 2-1: Swinging Strike 2-2: Foul Ball, location: 2F 2-2: Foul Ball, location: 2F 2-2: Foul Ball, location: 2F 2-2: Strikes out swinging
|
|
Batting: RHB Roberto Delgado
|
0-0: Ground out 4-3 (Groundball, 34, EV 96.2 MPH)
|
|
Batting: LHB Dan Bremseth
|
0-0: Called Strike 0-1: Ball 1-1: Ground out 6-3 (Groundball, 6M, EV 86.2 MPH)
|
| Top of the 8th over - 0 runs, 0 hits, 0 errors, 0 left on base; Kingsport 1 - Helena 15 |
| BOTTOM OF THE 8TH |
|
Helena Brewers batting - Pitching for Kingsport Mets : RHP Warren Carmichael
|
|
Batting: LHB Karel Hort
|
0-0: SOLO HOME RUN (Flyball, 89XD, EV 111.9 MPH), Distance : 416 ft
|
|
Batting: LHB Mark Backstrom
|
0-0: Called Strike 0-1: Foul Ball, location: 2F 0-2: Ball 1-2: Ball 2-2: Foul Ball, location: 2F 2-2: SINGLE (Groundball, 4D, EV 95.0 MPH)
|
|
Batting: LHB Greg Reedy
|
0-0: Ball Passed Ball! Mark Backstrom to second 1-0: Ball Passed Ball! Mark Backstrom to third 2-0: Foul Ball, location: 2F 2-1: Swinging Strike Passed Ball! Mark Backstrom scores 2-2: Foul Ball, location: 2F 2-2: Foul Ball, location: 2F 2-2: SINGLE (Line Drive, 78S, EV 110.0 MPH)
|
|
Batting: RHB Alfredo Sena
|
0-0: Ball 1-0: Hit by Pitch Greg Reedy to second
|
|
Batting: RHB Manny Olave
|
0-0: Ball Passed Ball! Greg Reedy to third Alfredo Sena to second 1-0: SINGLE (Groundball, 34D, EV 98.1 MPH) Greg Reedy scores Alfredo Sena to third Runner from 3rd tries for Home, SAFE, throw by RF to home
|
|
Pitching: LHP Matt Allert
|
|
|
Batting: RHB Justin Marino
|
0-0: Called Strike 0-1: Swinging Strike 0-2: Strikes out looking
|
|
Batting: RHB Jose Cerritos
|
0-0: Foul Ball, location: 2F 0-1: Called Strike 0-2: Ball 1-2: Ball 2-2: Reached on error, E3 (Groundball, 34, EV 97.5 MPH) Manny Olave to second
|
|
Batting: LHB John Fortin
|
0-0: Called Strike 0-1: Ball 1-1: Ball 2-1: Fly out, F8 (Line Drive, 8RM, EV 92.5 MPH)
|
|
Batting: SHB Orlando Torres
|
0-0: Fly out, F7 (Flyball, 7LM, EV 83.8 MPH)
|
| Bottom of the 8th over - 4 runs, 4 hits, 1 error, 2 left on base; Kingsport 1 - Helena 19 |
| TOP OF THE 9TH |
|
Kingsport Mets batting - Pitching for Helena Brewers : RHP Omar Morales
|
|
Batting: RHB Andy Carrell
|
0-0: Called Strike 0-1: Ball 1-1: Ball 2-1: Ground out 6-3 (Groundball, 6, EV 97.5 MPH)
|
|
Batting: LHB Miguel Ramos
|
0-0: Foul Ball, location: 2F 0-1: Ball 1-1: Swinging Strike 1-2: Strikes out swinging
|
|
Batting: RHB Coltin Nellis
|
0-0: Ball 1-0: Swinging Strike 1-1: Foul Ball, location: 2F 1-2: Fly out, F7 (Flyball, 7S, EV 84.4 MPH)
|
| Top of the 9th over - 0 runs, 0 hits, 0 errors, 0 left on base; Kingsport 1 - Helena 19 |
|